TOP OF THE 1ST |
St Charles Sheens batting - Pitching for Kenilworth Aces : RHP Erwin Entwistle
|
Pitching: RHP Erwin Entwistle
|
|
Batting: RHB Miguel Palácios
|
0-0: Called Strike 0-1: Ball 1-1: Ball 2-1: Foul Ball, location: 2F 2-2: Ball 3-2: Foul Ball, location: 2F 3-2: Foul Ball, location: 2F 3-2: Fly out, F8 (Flyball, 8RM)
|
Batting: LHB Randy Wiggins
|
0-0: Ball 1-0: Foul Ball, location: 2F 1-1: Ball 2-1: Swinging Strike 2-2: Foul Ball, location: 2F 2-2: Ball 3-2: Foul Ball, location: 2F 3-2: Foul Ball, location: 2F 3-2: Strikes out looking
|
Batting: RHB Víctor Arredondo
|
0-0: Foul Ball, location: 2F 0-1: Called Strike 0-2: Ball 1-2: Ground out 5-3 (Groundball, 56)
|
Top of the 1st over - 0 runs, 0 hits, 0 errors, 0 left on base; St Charles 0 - Kenilworth 0 |
BOTTOM OF THE 1ST |
Kenilworth Aces batting - Pitching for St Charles Sheens : RHP Jesús Andrade
|
Pitching: RHP Jesús Andrade
|
|
Batting: LHB Barrett Waters
|
0-0: Called Strike 0-1: Ball 1-1: SINGLE (Groundball, 3D)
|
Batting: RHB Jorge Jiménez
|
0-0: Called Strike 0-1: Called Strike 0-2: SINGLE (Flyball, 7LS) Barrett Waters to second
|
Batting: SHB Julián Madrid
|
0-0: Ball 1-0: Ball 2-0: Called Strike Barrett Waters steals 3rd base 2-1: Ball 3-1: Base on Balls Jorge Jiménez to second
|
Batting: LHB Roy Patrick
|
0-0: Fly out, F7 (Flyball, 7LM) Runner from 3rd tags up, SCORES, no throw
|
Batting: LHB Santiago Márquez
|
0-0: Foul Ball, location: 2F 0-1: Called Strike 0-2: Ball 1-2: Ball 2-2: Ball Wild Pitch! Jorge Jiménez to third Julián Madrid to second 3-2: Fly out, F6 (Popup, 6S)
|
Batting: RHB Andrés Lara
|
0-0: Called Strike 0-1: 3-RUN HOME RUN (Flyball, 7LD), Distance : 375 ft
|
Batting: RHB Luis Sánchez
|
0-0: Ball 1-0: SINGLE (Groundball, 4MD)
|
Batting: LHB Jim Jensen
|
0-0: Called Strike Luis Sánchez steals 2nd base 0-1: Foul Ball, location: 2F 0-2: Ball 1-2: Foul Ball, location: 2F 1-2: SINGLE (Line Drive, 4MD) Luis Sánchez to third
|
Batting: LHB Roger Moore
|
0-0: Ball 1-0: Called Strike 1-1: Ball 2-1: Ball 3-1: Base on Balls Jim Jensen to second
|
Batting: LHB Barrett Waters
|
0-0: Ball 1-0: Ball 2-0: Foul Ball, location: 2F 2-1: Ground out 5-3 (Groundball, 56S)
|
Bottom of the 1st over - 4 runs, 5 hits, 0 errors, 3 left on base; St Charles 0 - Kenilworth 4 |
TOP OF THE 2ND |
St Charles Sheens batting - Pitching for Kenilworth Aces : RHP Erwin Entwistle
|
Batting: RHB Ramón Molina
|
0-0: Ball 1-0: Foul Ball, location: 2F 1-1: Called Strike 1-2: Foul Ball, location: 2F 1-2: Strikes out looking
|
Batting: LHB Juan Jose Rojas
|
0-0: Swinging Strike 0-1: SINGLE (Groundball, 4MD)
|
Batting: RHB Shawn Gutiérrez
|
0-0: Foul Ball, location: 2F 0-1: Swinging Strike 0-2: Ball 1-2: Foul Ball, location: 2F 1-2: Ball 2-2: Strikes out looking
|
Batting: RHB Sergio Pujols
|
0-0: Called Strike 0-1: Ball 1-1: Ball 2-1: DOUBLE (Flyball, 89XD) Juan Jose Rojas to third Runner from 3rd tries for Home, SAFE, no throw
|
Batting: RHB Lúcio Alfaro
|
0-0: Called Strike 0-1: Ball 1-1: Swinging Strike 1-2: Ball 2-2: Foul Ball, location: 2F 2-2: Strikes out looking
|
Top of the 2nd over - 1 run, 2 hits, 0 errors, 1 left on base; St Charles 1 - Kenilworth 4 |
BOTTOM OF THE 2ND |
Kenilworth Aces batting - Pitching for St Charles Sheens : RHP Jesús Andrade
|
Batting: RHB Jorge Jiménez
|
0-0: Ball 1-0: Ball 2-0: Foul Ball, location: 2F 2-1: Ball 3-1: Base on Balls
|
Batting: SHB Julián Madrid
|
0-0: Foul Ball, location: 2F 0-1: Ball 1-1: Ball 2-1: Foul Ball, location: 2F 2-2: Ball Jorge Jiménez steals 2nd base 3-2: Base on Balls
|
Batting: LHB Roy Patrick
|
0-0: Ball 1-0: Called Strike 1-1: Foul Ball, location: 2F 1-2: Foul Ball, location: 2F 1-2: Ball 2-2: Foul Ball, location: 2F 2-2: DOUBLE (Flyball, 89D) Jorge Jiménez scores Julián Madrid to third
|
Batting: LHB Santiago Márquez
|
0-0: Ball 1-0: Ball 2-0: Ground out 1-3 (Groundball, 15S)
|
Batting: RHB Andrés Lara
|
0-0: Ball 1-0: Ball 2-0: Ball 3-0: SINGLE (Line Drive, 6) Julián Madrid scores Roy Patrick to third
|
Batting: RHB Luis Sánchez
|
0-0: Ball 1-0: Foul Ball, location: 2F 1-1: Foul Ball, location: 2F 1-2: 3-RUN HOME RUN (Flyball, 7D), Distance : 406 ft
|
Batting: LHB Jim Jensen
|
0-0: Ball 1-0: Fly out, F7 (Flyball, 78M)
|
Batting: LHB Roger Moore
|
0-0: Ball 1-0: Ground out U3 (Groundball, 34S)
|
Bottom of the 2nd over - 5 runs, 3 hits, 0 errors, 0 left on base; St Charles 1 - Kenilworth 9 |
TOP OF THE 3RD |
St Charles Sheens batting - Pitching for Kenilworth Aces : RHP Erwin Entwistle
|
Batting: RHB Glen MacDonald
|
0-0: Ball 1-0: Ball 2-0: Foul Ball, location: 2F 2-1: Swinging Strike 2-2: Strikes out looking
|
Batting: RHB Miguel Palácios
|
0-0: Swinging Strike 0-1: Ball 1-1: Swinging Strike 1-2: SOLO HOME RUN (Line Drive, 7D), Distance : 395 ft
|
Batting: LHB Randy Wiggins
|
0-0: DOUBLE (Flyball, 89D)
|
Batting: RHB Víctor Arredondo
|
0-0: Called Strike 0-1: Ground out 5-3 (Groundball, 56)
|
Batting: RHB Ramón Molina
|
0-0: Ball 1-0: Foul Ball, location: 2F 1-1: Ball 2-1: Foul Ball, location: 2F 2-2: Ball 3-2: Foul Ball, location: 2F 3-2: Ground out 4-3 (Groundball, 4)
|
Top of the 3rd over - 1 run, 2 hits, 0 errors, 1 left on base; St Charles 2 - Kenilworth 9 |
BOTTOM OF THE 3RD |
Kenilworth Aces batting - Pitching for St Charles Sheens : RHP Jesús Andrade
|
Batting: LHB Barrett Waters
|
0-0: Ground out 3-1 (Groundball, 34S)
|
Batting: RHB Jorge Jiménez
|
0-0: Ball 1-0: Swinging Strike 1-1: Swinging Strike 1-2: Foul Ball, location: 2F 1-2: Fly out, F9 (Line Drive, 9S)
|
Batting: SHB Julián Madrid
|
0-0: Called Strike 0-1: Foul Ball, location: 2F 0-2: Ball 1-2: Ground out 5-3 (Groundball, 5L)
|
Bottom of the 3rd over - 0 runs, 0 hits, 0 errors, 0 left on base; St Charles 2 - Kenilworth 9 |
TOP OF THE 4TH |
St Charles Sheens batting - Pitching for Kenilworth Aces : RHP Erwin Entwistle
|
Batting: LHB Juan Jose Rojas
|
0-0: Ball 1-0: Ball 2-0: Fly out, F9 (Flyball, 9)
|
Batting: RHB Shawn Gutiérrez
|
0-0: Called Strike 0-1: Called Strike 0-2: Foul Ball, location: 2F 0-2: Reached on error, E6 (Groundball, 56)
|
Batting: RHB Sergio Pujols
|
0-0: Ball 1-0: Ball 2-0: Fly out, F3 (Line Drive, 34)
|
Batting: RHB Lúcio Alfaro
|
0-0: Ground out 1-3 (Groundball, 13S)
|
Top of the 4th over - 0 runs, 0 hits, 1 error, 1 left on base; St Charles 2 - Kenilworth 9 |
BOTTOM OF THE 4TH |
Kenilworth Aces batting - Pitching for St Charles Sheens : RHP Jesús Andrade
|
Batting: LHB Roy Patrick
|
0-0: Ball 1-0: Ball 2-0: Ball 3-0: Called Strike 3-1: Base on Balls
|
Batting: LHB Santiago Márquez
|
0-0: Ball 1-0: Called Strike 1-1: Ball 2-1: Grounds out, U3 (Groundball, 3L)
|
Batting: RHB Andrés Lara
|
0-0: Called Strike 0-1: Ball 1-1: Ball 2-1: SINGLE (Line Drive, 56) Roy Patrick to third Runner from 3rd tries for Home, SAFE, no throw
|
Batting: RHB Luis Sánchez
|
0-0: Ball 1-0: Fly out, F7 (Flyball, 7LMF)
|
Batting: LHB Jim Jensen
|
0-0: Called Strike Throwing error on steal attempt, E2 Andrés Lara to third 0-1: SINGLE (Flyball, 7LM) Andrés Lara scores
|
Batting: LHB Roger Moore
|
0-0: Ball 1-0: Fly out, F9 (Line Drive, 89XD)
|
Bottom of the 4th over - 2 runs, 2 hits, 1 error, 1 left on base; St Charles 2 - Kenilworth 11 |
TOP OF THE 5TH |
St Charles Sheens batting - Pitching for Kenilworth Aces : RHP Erwin Entwistle
|
Batting: RHB Glen MacDonald
|
0-0: Called Strike 0-1: Ball 1-1: Ground out 1-3 (Groundball, P)
|
Batting: RHB Miguel Palácios
|
0-0: Called Strike 0-1: Ball 1-1: SINGLE (Line Drive, 89S)
|
Batting: LHB Randy Wiggins
|
0-0: Ball 1-0: Ground out 5-3 (Groundball, 5S) Miguel Palácios to second
|
Batting: RHB Víctor Arredondo
|
0-0: Foul Ball, location: 2F 0-1: Ball 1-1: Foul Ball, location: 2F 1-2: Ball 2-2: Ground out 5-3 (Groundball, 56S)
|
Top of the 5th over - 0 runs, 1 hit, 0 errors, 1 left on base; St Charles 2 - Kenilworth 11 |
BOTTOM OF THE 5TH |
Kenilworth Aces batting - Pitching for St Charles Sheens : RHP Jesús Andrade
|
Batting: LHB Barrett Waters
|
0-0: Ball 1-0: Ball 2-0: Foul Ball, location: 2F 2-1: Ground out U3 (Groundball, 34)
|
Pitching: RHP Irwin Conway
|
|
Batting: RHB Jorge Jiménez
|
0-0: Foul Ball, location: 2F 0-1: Ball 1-1: Ball 2-1: Ball 3-1: Foul Ball, location: 2F 3-2: Fly out, F1 (Line Drive, 13)
|
Batting: SHB Julián Madrid
|
0-0: Ball 1-0: Called Strike 1-1: DOUBLE (Flyball, 8RXD)
|
Batting: LHB Roy Patrick
|
0-0: 2-RUN HOME RUN (Flyball, 7LD), Distance : 386 ft
|
Batting: LHB Santiago Márquez
|
0-0: Ball 1-0: SINGLE (Line Drive, 8LS)
|
Batting: RHB Andrés Lara
|
0-0: Swinging Strike 0-1: Ball 1-1: Fly out, F7 (Flyball, 7S)
|
Bottom of the 5th over - 2 runs, 3 hits, 0 errors, 1 left on base; St Charles 2 - Kenilworth 13 |
TOP OF THE 6TH |
St Charles Sheens batting - Pitching for Kenilworth Aces : RHP Erwin Entwistle
|
Batting: RHB Ramón Molina
|
0-0: Ball 1-0: Ball 2-0: Ball 3-0: Called Strike 3-1: Base on Balls
|
Batting: LHB Juan Jose Rojas
|
0-0: Swinging Strike 0-1: Called Strike 0-2: Ball 1-2: Strikes out swinging
|
Batting: RHB Shawn Gutiérrez
|
0-0: Called Strike 0-1: Ball 1-1: Swinging Strike 1-2: Ball 2-2: Ball 3-2: Strikes out swinging
|
Batting: RHB Sergio Pujols
|
0-0: Ball 1-0: Ground out U3 (Groundball, 34)
|
Top of the 6th over - 0 runs, 0 hits, 0 errors, 1 left on base; St Charles 2 - Kenilworth 13 |
BOTTOM OF THE 6TH |
Kenilworth Aces batting - Pitching for St Charles Sheens : RHP Irwin Conway
|
Batting: RHB Luis Sánchez
|
0-0: Ball
|
|
|
|
1-0: Called Strike 1-1: Swinging Strike 1-2: Ball 2-2: Fly out, F7 (Flyball, 7S)
|
Pinch Hitting: RHB António Gonzáles
|
0-0: Called Strike 0-1: Ground out 4-3 (Groundball, 4S)
|
Batting: LHB Roger Moore
|
0-0: Ball 1-0: Foul Ball, location: 2F 1-1: Swinging Strike 1-2: Strikes out looking
|
Bottom of the 6th over - 0 runs, 0 hits, 0 errors, 0 left on base; St Charles 2 - Kenilworth 13 |
TOP OF THE 7TH |
St Charles Sheens batting - Pitching for Kenilworth Aces : RHP Erwin Entwistle
|
Now at 3B: António Gonzáles
|
|
Batting: RHB Lúcio Alfaro
|
0-0: Ball 1-0: Ball 2-0: Called Strike 2-1: Foul Ball, location: 2F 2-2: SINGLE (Groundball, 3D)
|
Batting: RHB Glen MacDonald
|
0-0: Ball 1-0: Called Strike 1-1: Called Strike 1-2: Foul Ball, location: 2F 1-2: Strikes out looking
|
Pitching: RHP Frank Martin
|
|
Batting: RHB Miguel Palácios
|
0-0: Ball Lúcio Alfaro steals 2nd base 1-0: Called Strike 1-1: Ball 2-1: Foul Ball, location: 2F 2-2: Strikes out looking
|
Batting: LHB Randy Wiggins
|
0-0: Called Strike 0-1: Ball 1-1: Swinging Strike 1-2: Foul Ball, location: 2F 1-2: Ground out U3 (Groundball, 34S)
|
Top of the 7th over - 0 runs, 1 hit, 0 errors, 1 left on base; St Charles 2 - Kenilworth 13 |
BOTTOM OF THE 7TH |
Kenilworth Aces batting - Pitching for St Charles Sheens : RHP Irwin Conway
|
Batting: LHB Barrett Waters
|
0-0: Ground out 4-3 (Groundball, 4)
|
Batting: RHB Jorge Jiménez
|
0-0: Called Strike 0-1: Called Strike 0-2: Ball 1-2: Foul Ball, location: 2F 1-2: Foul Ball, location: 2F 1-2: Ball 2-2: Foul Ball, location: 2F 2-2: SINGLE (Line Drive, 56)
|
Batting: SHB Julián Madrid
|
0-0: Called Strike 0-1: Ball 1-1: Called Strike 1-2: Foul Ball, location: 2F 1-2: Strikes out swinging Jorge Jiménez steals 2nd base Batter strikes out.
|
Batting: LHB Roy Patrick
|
0-0: 2-RUN HOME RUN (Flyball, 9LD), Distance : 358 ft
|
Batting: LHB Santiago Márquez
|
0-0: Ball 1-0: Called Strike 1-1: DOUBLE (Line Drive, 9D)
|
Batting: RHB Andrés Lara
|
0-0: Swinging Strike 0-1: Ball 1-1: Ball 2-1: SINGLE (Groundball, 56D) Santiago Márquez to third Runner from 3rd tries for Home, SAFE, no throw
|
Batting: RHB Luis Sánchez
|
0-0: Ball 1-0: Called Strike 1-1: Ball Andrés Lara steals 2nd base 2-1: Ball 3-1: Swinging Strike 3-2: Ground out 6-3 (Groundball, 6)
|
Bottom of the 7th over - 3 runs, 4 hits, 0 errors, 1 left on base; St Charles 2 - Kenilworth 16 |
TOP OF THE 8TH |
St Charles Sheens batting - Pitching for Kenilworth Aces : RHP Frank Martin
|
Now at 1B: José Sánchez
|
|
Batting: RHB Víctor Arredondo
|
0-0: Ball 1-0: Swinging Strike 1-1: Fly out, F8 (Flyball, 8LD)
|
Batting: RHB Ramón Molina
|
0-0: Swinging Strike 0-1: Swinging Strike 0-2: Ball 1-2: Ball 2-2: Ball 3-2: Fly out, F9 (Flyball, 9D)
|
Batting: LHB Juan Jose Rojas
|
0-0: Foul Ball, location: 2F 0-1: Ball 1-1: Ball 2-1: Ball 3-1: Foul Ball, location: 2F 3-2: Foul Ball, location: 2F 3-2: Foul Ball, location: 2F 3-2: Base on Balls
|
Batting: RHB Shawn Gutiérrez
|
0-0: Ball 1-0: Called Strike 1-1: Ball 2-1: Foul Ball, location: 2F 2-2: Ball 3-2: Foul Ball, location: 2F 3-2: Fly out, F9 (Flyball, 9S)
|
Top of the 8th over - 0 runs, 0 hits, 0 errors, 1 left on base; St Charles 2 - Kenilworth 16 |
BOTTOM OF THE 8TH |
Kenilworth Aces batting - Pitching for St Charles Sheens : RHP Irwin Conway
|
Batting: RHB António Gonzáles
|
0-0: Ball 1-0: Foul Ball, location: 2F 1-1: Reached on error, E5 (Groundball, 56S)
|
Batting: LHB Roger Moore
|
0-0: SINGLE (Line Drive, 34) António Gonzáles to third
|
Batting: LHB Barrett Waters
|
0-0: Ball 1-0: Called Strike 1-1: Called Strike 1-2: SINGLE (Line Drive, 6) António Gonzáles scores Roger Moore to second
|
Pitching: RHP Ricardo Montero
|
|
Batting: RHB Jorge Jiménez
|
0-0: Ball 1-0: Ball 2-0: Ball 3-0: Foul Ball, location: 2F 3-1: Base on Balls Roger Moore to third Barrett Waters to second
|
Batting: SHB Julián Madrid
|
0-0: Ball 1-0: Foul Ball, location: 2F 1-1: Grounds into double play, 3-6-1 (Groundball, 3) Roger Moore scores Barrett Waters to third
|
Batting: LHB Roy Patrick
|
0-0: Ball 1-0: Ball 2-0: Swinging Strike 2-1: Called Strike 2-2: Foul Ball, location: 2F 2-2: Ball 3-2: Base on Balls
|
Batting: LHB José Sánchez
|
0-0: Ground out 4-3 (Groundball, 4)
|
Bottom of the 8th over - 2 runs, 2 hits, 1 error, 2 left on base; St Charles 2 - Kenilworth 18 |
TOP OF THE 9TH |
St Charles Sheens batting - Pitching for Kenilworth Aces : RHP Frank Martin
|
Batting: RHB Sergio Pujols
|
0-0: Ball 1-0: Ball 2-0: Swinging Strike 2-1: Ball 3-1: Called Strike 3-2: Strikes out looking
|
Batting: RHB Lúcio Alfaro
|
0-0: Ball 1-0: Called Strike 1-1: Ball 2-1: Called Strike 2-2: Fly out, F7 (Flyball, 7S)
|
Batting: RHB Glen MacDonald
|
0-0: Called Strike 0-1: Ball 1-1: Foul Ball, location: 2F 1-2: Ball 2-2: Ball 3-2: Foul Ball, location: 2F 3-2: Fly out, F7 (Flyball, 78M)
|
Top of the 9th over - 0 runs, 0 hits, 0 errors, 0 left on base; St Charles 2 - Kenilworth 18 |
|
Saturday, April 7th, 2018 - OOTP Baseball 18.8 Build 76
|
|